 Dungeon Crawl Stone Soup version 0.20-a0-33-g996f6e0 (webtiles) character file.

25704 dvd the Basher (level 12, 0/129 HPs)
             Began as a Troll Fighter on Nov 9, 2016.
             Was a Believer of Ashenzari.
             Slain by a komodo dragon (29 damage)
             ... on level 3 of the Lair of Beasts.
             The game lasted 00:44:48 (13051 turns).

dvd the Basher (Troll Fighter)                     Turns: 13051, Time: 00:44:49

Health: 0/129      AC: 10    Str: 29    XL:     12   Next: 91%
Magic:  11/11      EV: 14    Int:  4    God:    Ashenzari [**....]
Gold:   696        SH: 20    Dex: 13    Spells: 1 memorised, 10 levels left

rFire  + + .     SeeInvis .     a - +1 morningstar of Weghege {holy, rC+ rN++ Dex+2}
rCold  + . .     Gourm    +     r - +2 robe {rF+} (curse)
rNeg   + + .     Faith    .     Q - +1 large shield {rC+} (curse)
rPois  .         Spirit   .     T - +2 hat (curse)
rElec  .         Reflect  .     C - +0 cloak
rCorr  .         Harm     .     (gloves unavailable)
MR     +....                    (boots unavailable)
Stlth  ++........               z - amulet of rage
                                y - ring of fire
                                B - ring of protection from magic

@: about to teleport
A: unfitting armour, claws 3, fast metabolism 3, gourmand, regeneration 1,
robust 1, shaggy fur 1, tough skin 2
a: Curse Item, Scrying, Renounce Religion, Evoke Berserk Rage


You were on level 3 of the Lair of Beasts.
You worshipped Ashenzari.
Ashenzari was pleased with you.
You were completely stuffed.

You visited 3 branches of the dungeon, and saw 16 of its levels.
You also visited: Volcano.

You collected 696 gold pieces.

Inventory:

Hand Weapons
 a - the +1 morningstar of Weghege (weapon) {holy, rC+ rN++ Dex+2}
   (You acquired it on level 9 of the Dungeon)

   It has been blessed by the Shining One to cause great damage to the undead
   and demons.
   It affects your dexterity (+2).
   It protects you from cold.
   It greatly protects you from negative energy.
 k - a +2 rapier of flaming
 D - a +0 morningstar
 G - a +1 war axe of venom
 S - a +0 whip of electrocution
Missiles
 l - 13 tomahawks
 U - 3 large rocks (quivered)
 W - 2 poisoned javelins
Armour
 r - a cursed +2 robe of fire resistance (worn)
 C - a +0 cloak (worn)
 P - a +0 troll leather armour
 Q - a cursed +1 large shield of cold resistance (worn)
 T - a cursed +2 hat (worn)
Jewellery
 o - an uncursed ring of wizardry
 y - a ring of fire (right claw)
 z - an amulet of rage (around neck)
 B - a ring of protection from magic (left claw)
Wands
 b - a wand of random effects (43/48)
 e - a wand of teleportation (5/9)
 v - a wand of lightning (3/15)
 x - a wand of iceblast (7/15)
 A - a wand of flame (9/48)
 H - a wand of flame (24/48)
 M - a wand of hasting (1/9)
 O - a wand of disintegration (9/24)
 V - a wand of flame (24/48)
Scrolls
 c - a scroll of torment {unknown}
 h - 2 scrolls of fog
 p - 12 scrolls of identify
 q - 3 scrolls of remove curse
 u - a scroll of magic mapping
 F - a scroll of teleportation
 L - 3 scrolls of amnesia
Potions
 d - a potion of ambrosia
 i - 2 potions of resistance
 j - 2 potions of haste
 n - 3 potions of curing
 t - a potion of magic
 E - 2 potions of might
 I - a potion of heal wounds
 J - a potion of brilliance
Books
 K - a book of Maledictions

   Spells                             Type                      Level
   a - Corona                         Hexes                        1
   b - Ensorcelled Hibernation        Hexes/Ice                    2
   c - Confuse                        Hexes                        3
   d - Tukima's Dance                 Hexes                        3
   e - Dazzling Spray                 Conjuration/Hexes            3
 X - a book of Misfortune

   Spells                             Type                      Level
   a - Confusing Touch                Hexes                        1
   b - Confuse                        Hexes                        3
   c - Gell's Gravitas                Hexes/Translocation          3
   d - Petrify                        Transmutation/Earth          4
   e - Metabolic Englaciation         Hexes/Ice                    5
   f - Yara's Violent Unravelling     Hexes/Transmutation          5
Comestibles
 f - 6 bread rations
 g - 10 meat rations
 m - 3 slices of pizza
 s - 2 royal jellies
 w - 8 chunks of flesh
 N - 24 fruits
 R - 3 beef jerkies


   Skills:
 + Level 7.6 Fighting
 + Level 11.6 Maces & Flails
 + Level 4.1 Throwing
 + Level 8.6(10.1) Dodging
 + Level 2.3(3.5) Stealth
 + Level 9.7(11.1) Shields
 + Level 0.2 Spellcasting
 + Level 0.4 Evocations


You had 10 spell levels left.
You knew the following spells:

 Your Spells              Type           Power        Failure   Level  Hunger
a - Corona                Hex            #......      95%         1    ##.....


Dungeon Overview and Level Annotations

Branches:
Dungeon (12/15)            Temple (1/1) D:7            Lair (3/6) D:11
 Spider (0/4) Lair:2
  Swamp: Lair:2-4    Shoals: Lair:2-4       Orc: D:9-12

Altars:
Ashenzari
Cheibriados
Dithmenos
Elyvilon
Fedhas
Gozag
Kikubaaqudgha
Makhleb
Nemelex Xobeh
Okawaru
Qazlal
Ru
Sif Muna
Trog
Uskayaw
Vehumet
Xom
Yredelemnul
Zin
The Shining One

Shops:
D:6 *[   D:7 ?

Annotations:
D:10 exclusion: obsidian statue
D:12 Maurice


Innate Abilities, Weirdness & Mutations

You are too large for most types of armour.
You have claws for hands.
Your metabolism is lightning-fast.
You like to eat raw meat.
Your natural rate of healing is unusually fast.
You are covered in fur. (AC +1)
You have very tough skin. (AC +2)
You are robust. (+10% HP)


Message History

You hit the yak.
The yak is almost dead.
The yak gores you.
The blink frog blinks!
You block the komodo dragon's attack.
You impale the yak!!
You kill the yak!
You block the blink frog's attack.
The blink frog blinks!
You block the komodo dragon's attack.
The blink frog blinks!
You barely miss the yak. You block the komodo dragon's attack.
You block the blink frog's attack. The yak barely misses you.
You hit the yak but do no damage.
The blink frog blinks! x3
You block the komodo dragon's attack.
You barely miss the yak.
The blink frog blinks!
You block the yak's attack. The blink frog hits you.
The komodo dragon bites you!!
* * * LOW HITPOINT WARNING * * *
The blink frog croaks.
Unknown command.
As you read the scroll of teleportation, it crumbles to dust.
You feel strangely unstable.
The blink frog blinks!
The yak closely misses you.
The blink frog blinks!
The komodo dragon bites you!!
You die...

,#..#,..#* ** ,... .# #
##.Y##.#,* * * #.# #.#
##.#.....####### *..##..##
.#..Y.#...P.##P.#### #.#....#
......†.Y..........#### #......#
......#t...#{#.###....####...#...
..#...#...########...F......#..#.
......#..#..####FF..............
.#§........§..tY@lF.###..P...####
..........########..# ##††....###
...#...##.. #### ##'#+..... #
##.# #.## #.⌠...... , #.. #>#
###...###.. ## #.# ##.......##.
#.# ##.........## ,..
##............ , ,
##...##...##...


You could see a komodo dragon, a yak, 4 blink frogs and a crocodile.

Vanquished Creatures
  A fire dragon (D:10)
  Harold (D:10)
  2 hydras (Lair:3)
  The ghost of Soeti the Grappler, a novice TrMo of Dithmenos (Lair:2)
  The ghost of namnharef the Fighter, a journeyman GrBe of Trog (Volcano)
  Sonja (Lair:2)
  Nergalle (D:10)
  Pikel (D:5)
  An ugly thing (D:11)
  A cyclops (D:12)
  A manticore (D:11)
  2 centaur zombies
  A black mamba (Lair:2)
  A gargoyle (D:12)
  4 spiny frogs
  Joseph (D:10)
  A rime drake (Lair:2)
  3 trolls
  A komodo dragon (Lair:1)
  6 blink frogs
  A hornet (D:7)
  Prince Ribbit (D:5)
  3 hippogriffs
  A shadow (D:11)
  A wraith (D:11)
  18 yaks
  Eustachio (D:5)
  Grum (D:11)
  A hungry ghost (D:11)
  2 steam dragons
  Menkaure (D:4)
  A soldier ant (D:11)
  2 hell hounds (D:11)
  Duvessa (D:5)
  3 water moccasins
  3 orc warriors
  7 porcupines
  A slave (D:4)
  3 ice beasts
  5 sky beasts
  5 black bears
  5 ogres
  2 phantoms
  A necrophage (D:7)
  15 wolves
  8 centaurs
  8 crocodiles
  Blork the orc (D:6)
  A big kobold (D:8)
  12 bullfrogs
  Dowan (D:5)
  2 scorpions
  2 water moccasin skeletons
  5 killer bees (D:10)
  4 wights (D:11)
  An electric eel (Lair:2)
  2 howler monkeys
  5 crimson imps
  2 lava snakes (D:10)
  A bullfrog zombie (D:6)
  A jelly (D:11)
  5 hounds
  6 orc priests
  A bullfrog skeleton (D:9)
  2 iguanas
  12 orc wizards
  Ijyb (D:3)
  4 worker ants
  A killer bee zombie (D:9)
  A hound zombie (D:4)
  A hound skeleton (D:6)
  A howler monkey zombie (D:5)
  Robin (D:2)
  3 gnolls (D:7)
  11 adders
  5 shadow imps
  An ooze (D:2)
  An adder skeleton (D:7)
  An adder zombie (D:5)
  A worm (D:2)
  2 dart slugs
  4 leopard geckos
  48 orcs
  A giant cockroach (D:3)
  17 goblins
  11 hobgoblins
  5 kobolds
  2 quokkas (D:6)
  A ball python (D:6)
  9 bats
  4 frilled lizards
  A quokka skeleton (D:7)
  7 rats
  A plant (Lair:2)
345 creatures vanquished.

Vanquished Creatures (others)
  A slave (D:5)
  2 scorpions (D:5)
  A centaur skeleton (D:5)
  An iguana (D:5)
  A worker ant zombie (D:5)
  6 fungi (Lair:3)
  6 plants (Lair:3)
18 creatures vanquished.

Grand Total: 363 creatures vanquished

Notes
Turn   | Place    | Note
-------+----------+-------------------------------------------
     0 | D:1      | dvd the Troll Fighter began the quest for the Orb.
     0 | D:1      | Reached XP level 1. HP: 22/22 MP: 0/0
   158 | D:1      | Reached skill level 2 in Maces & Flails
   203 | D:1      | Reached XP level 2. HP: 29/29 MP: 1/1
   792 | D:2      | Reached XP level 3. HP: 33/36 MP: 2/2
  1101 | D:2      | Reached XP level 4. HP: 37/44 MP: 3/3
  1167 | D:2      | Noticed Robin
  1204 | D:2      | Killed Robin
  1729 | D:3      | Noticed Ijyb
  1763 | D:3      | Killed Ijyb
  1763 | D:3      | Reached skill level 3 in Maces & Flails
  1766 | D:3      | Reached XP level 5. HP: 51/53 MP: 4/4
  2613 | D:4      | Noticed Menkaure
  2620 | D:4      | Killed Menkaure
  2620 | D:4      | Reached XP level 6. HP: 41/61 MP: 5/5
  2788 | D:5      | Entered Level 5 of the Dungeon
  2788 | D:5      | Noticed Pikel
  2788 | D:5      | Noticed a slave
  2788 | D:5      | Noticed a slave
  2788 | D:5      | Noticed a slave
  2788 | D:5      | Noticed a slave
  2814 | D:4      | Killed a slave
  2883 | D:5      | Found a radiant altar of Vehumet.
  2898 | D:5      | Noticed an ice beast
  2912 | D:5      | Killed an ice beast
  2912 | D:5      | Reached skill level 4 in Maces & Flails
  2970 | D:5      | Reached XP level 7. HP: 64/67 MP: 6/6
  3065 | D:5      | Killed Pikel
  3065 | D:5      | Reached skill level 5 in Maces & Flails
  3065 | D:5      | Reached XP level 8. HP: 36/78 MP: 7/7
  3221 | D:5      | Noticed Prince Ribbit
  3235 | D:5      | Killed Prince Ribbit
  3294 | D:5      | Noticed Duvessa
  3294 | D:5      | Noticed Dowan
  3304 | D:5      | Killed Duvessa
  3315 | D:5      | Killed Dowan
  3315 | D:5      | Reached skill level 6 in Maces & Flails
  3622 | D:5      | Reached skill level 5 in Shields
  3725 | D:5      | Found a sparkling altar of Nemelex Xobeh.
  3726 | D:5      | Noticed Eustachio
  3749 | D:5      | Killed Eustachio
  3761 | D:5      | Found a shadowy altar of Dithmenos.
  4066 | D:6      | Reached skill level 5 in Dodging
  4079 | D:6      | Reached XP level 9. HP: 82/85 MP: 8/8
  4254 | D:6      | Noticed Blork the orc
  4276 | D:6      | Killed Blork the orc
  4501 | D:6      | Found Emerururgh's Antique Armour Shoppe.
  4509 | D:6      | Reached skill level 7 in Maces & Flails
  4523 | D:6      | Reached skill level 5 in Fighting
  4723 | D:6      | Found Wolurryus's General Store.
  4964 | D:7      | Reached skill level 1 in Stealth
  5203 | D:7      | Found a staircase to the Ecumenical Temple.
  5231 | Temple   | Entered the Ecumenical Temple
  5240 | Temple   | Became a worshipper of Ashenzari the Shackled
  5354 | D:7      | Found Gaos Vevo's Magic Scroll Shoppe.
  5357 | D:7      | Found a basalt altar of Yredelemnul.
  5891 | D:8      | Found a sacrificial altar of Ru.
  5957 | D:8      | Found a stormy altar of Qazlal.
  6138 | D:8      | Reached XP level 10. HP: 96/96 MP: 9/9
  6261 | D:8      | Reached skill level 8 in Maces & Flails
  6612 | D:9      | Found a white marble altar of Elyvilon.
  6615 | D:9      | Learned a level 1 spell: Corona
  6757 | D:9      | Gained mutation: Your spells are a little easier to cast, but a little less powerful. [mutagenic meat]
  6758 | D:9      | Gained mutation: You are robust. (+10% HP) [mutagenic meat]
  6759 | D:9      | Lost mutation: Your spells are a little easier to cast, but a little less powerful. [mutagenic meat]
  6774 | D:9      | Reached skill level 1 in Throwing
  6838 | D:9      | Identified 3 scrolls of acquirement
  6839 | D:9      | Got the morningstar of Weghege {holy, rC+ rN++ Dex+2}
  6840 | D:9      | Identified the +1 morningstar of Weghege {holy, rC+ rN++ Dex+2} (You acquired it on level 9 of the Dungeon)
  7345 | D:10     | Entered Level 10 of the Dungeon
  7369 | D:10     | Reached * piety under Ashenzari
  7402 | D:10     | Found a snail-covered altar of Cheibriados.
  7414 | D:10     | Noticed an obsidian statue
  7439 | D:10     | Noticed a rust devil
  7439 | D:10     | Noticed a smoke demon
  7651 | D:10     | Noticed a fire dragon
  7679 | D:10     | Killed a fire dragon
  7914 | D:10     | Noticed Nergalle
  7938 | D:10     | Killed Nergalle
  7938 | D:10     | Reached skill level 9 in Maces & Flails
  8123 | D:10     | Noticed Harold
  8129 | D:10     | Reached XP level 11. HP: 57/115 MP: 10/10
  8142 | D:10     | Killed Harold
  8493 | D:10     | Noticed Joseph
  8503 | D:10     | Killed Joseph
  9105 | D:11     | Reached skill level 10 in Maces & Flails
  9138 | D:11     | Noticed a cyan ugly thing
  9146 | D:11     | Killed a cyan ugly thing
  9537 | D:11     | Found a staircase to the Lair.
  9832 | D:11     | Noticed Grum
  9839 | D:11     | Killed Grum
 10120 | D:12     | Noticed Maurice
 10285 | Lair:1   | Entered Level 1 of the Lair of Beasts
 10395 | Lair:1   | Reached XP level 12. HP: 104/126 MP: 11/11
 10401 | Lair:1   | Found a shimmering altar of Xom.
 10448 | Lair:1   | Found a dark tunnel.
 10465 | Volcano  | Entered a volcano
 10465 | Volcano  | Noticed namnharef's ghost (journeyman GrBe)
 10498 | Volcano  | Killed namnharef's ghost
 11515 | Lair:2   | Noticed Soeti's ghost (novice TrMo)
 11515 | Lair:2   | Reached skill level 11 in Maces & Flails
 11535 | Lair:2   | Killed Soeti's ghost
 11597 | Lair:2   | Reached ** piety under Ashenzari
 11828 | Lair:2   | Noticed Sonja
 11851 | Lair:2   | Killed Sonja
 12307 | Lair:2   | Found a hole to the Spider Nest.
 12661 | Lair:3   | Noticed an eight-headed hydra
 12669 | Lair:3   | Killed an eight-headed hydra
 12932 | Lair:3   | Noticed a four-headed hydra
 12942 | Lair:3   | Killed a four-headed hydra
 13051 | Lair:3   | Slain by a komodo dragon

Vault maps used:
D:1:      nagdon_arrival_double_spiral, hex_tiny
D:2:      first_bread, uniq_robin
D:3:      nicolae_overflow_hidden_temple, uniq_iyjb
D:4:      uniq_menkaure
D:5:      minitemple, fiery_altar_vehumet, uniq_prince_ribbit1, uniq_duvessa,
          uniq_eustachio, uniq_pikel
D:6:      serial_shops, nicolae_shop_waterfront, kennysheep_mini,
          uniq_blork_the_orc
D:7:      lemuel_crystal_altar, serial_shops, nicolae_shop_crystal
D:8:      lemuel_crystal_altar, nicolae_ru_awakened_eye, roderic_malta_cross,
          blue_anna_alchemist
D:9:      elyvilon_altar_4
D:10:     dragon1_lemuel, basic_altar, minmay_protected_statue, uniq_joseph,
          uniq_harold, uniq_nergalle
D:11:     minmay_lair_entry_lava, hex_intersection, uniq_grum
D:12:     orc_0_dummy, lemuel_tele_altar, uniq_maurice
Temple:   cyrus_circular_temple
Lair:1:   basic_altar, enter_volcano_1, grunt_forest_stairs_basic,
          grunt_megastairs_2
Lair:2:   spider_nest_entry_web_field, fungi_pond_lemuel, uniq_sonja
Lair:3:   minmay_swamp_entry_reptiles, beast_lair_carwin_7, grunt_megastairs_5
Volcano:  volcano_caves

Skill      XL: |  1  2  3  4  5  6  7  8  9 10 11 12 |
---------------+-------------------------------------+-----
Maces & Flails | 2 3 4 5 6 7 9 10 11 | 11.6
Dodging        | 3 4 5 6 7 8 |  8.6
Fighting       | 3 4 5 6 7 |  7.6
Shields        | 3 4 5 6 7 8 9 |  9.7
Stealth        | 1 2 |  2.3
Throwing       | 1 2 4 |  4.1
Spellcasting   | |  0.2
Evocations     | |  0.4

Action                   |  1- 3 |  4- 6 |  7- 9 | 10-12 || total
-------------------------+-------+-------+-------+-------++-------
Melee: Mace              |   108 |   132 |       |       ||   240
       Flail             |     9 |    97 |    18 |       ||   124
       Whip              |       |       |   373 |    78 ||   451
       Morningstar       |       |       |    26 |   879 ||   905
Throw: Tomahawk          |       |       |     6 |    56 ||    62
       Javelin           |       |       |       |    22 ||    22
       Large rock        |       |       |       |    43 ||    43
 Cast: Corona            |       |       |       |     1 ||     1
Invok: Curse Item        |       |       |     1 |       ||     1
 Abil: Evoke Berserk Rag |       |       |       |     1 ||     1
Evoke: Wand              |       |       |     1 |     8 ||     9
  Use: Potion            |       |       |     2 |    13 ||    15
       Scroll            |       |       |    10 |    15 ||    25
 Stab: Sleeping          |       |     1 |     1 |     5 ||     7
  Eat: Chunk             |    16 |    16 |    32 |    76 ||   140
Armor: Robe              |    41 |    77 |    90 |   152 ||   360
Dodge: Dodged            |    48 |    80 |   128 |   305 ||   561
Block: Shield            |    54 |   112 |   141 |    53 ||   360
       Large shield      |       |       |       |   842 ||   842
